 Dungeon Crawl Stone Soup version 0.31-a0-18-gea43df2a32 (webtiles) character file.

Game seed: 2876508486348566377

10907 hwolsky the Destroyer (level 11, 55/80 HPs) *EXPLORE*
             Began as an Octopode Conjurer on May 10, 2023.
             Was a Priest of Vehumet.
             Quit the game on level 10 of the Dungeon.
             The game lasted 00:34:31 (11631 turns).

hwolsky the Destroyer (Octopode Conjurer)          Turns: 11631, Time: 00:34:31

Health: 55/80      AC:  1    Str:  7    XL:     11   Next: 69%
Magic:  21/23      EV: 18    Int: 24    God:    Vehumet [***...]
Gold:   1136       SH:  0    Dex: 11    Spells: 2/14 levels left

rFire   + . .        w - +11 broad axe of the Pit {heavy, rF+ Stlth+}
rCold   . . .        (no shield)
rNeg    . . .        (helmet restricted)
rPois   .            (no amulet)
rElec   .            h - ring of wizardry
rCorr   .            u - +5 ring of evasion
SInv    .            v - ring of magical power
Will    .....        (no ring)
Stlth   +++++        (no ring)
HPRegen 0.33/turn    (no ring)
MPRegen 0.18/turn    (no ring)
                     (no ring)

%: wizardry (x1)
@: no status effects
A: almost no armour, amphibious, 8 rings, camouflage 1, gelatinous body 1,
(nimble swimmer 1), tentacles
a: Renounce Religion


You were on level 10 of the Dungeon.
You worshipped Vehumet.
Vehumet was most pleased with you.
You visited 1 branch of the dungeon, and saw 10 of its levels.
You also visited: Bailey.

You collected 1376 gold pieces.
You spent 240 gold pieces at shops.

Inventory:

Hand Weapons
 l - a +2 scythe of freezing
 w - the +11 broad axe of the Pit (weapon) {heavy, rF+ Stlth+}
   (You found it on level 8 of the Dungeon)

   rF:        It protects you from fire.
   Stlth:     It makes you more stealthy.
 D - the +0 dagger of Fedhas's Esteem {freeze, rF+ Dex+2}
   (You found it on level 9 of the Dungeon)

   Dex:       It affects your dexterity (+2).
   rF:        It protects you from fire.
 F - the +10 dark maul {heavy}
   (You found it in a bailey)
Jewellery
 h - a ring of wizardry (left tentacle)
 u - a +5 ring of evasion (right tentacle)
 v - a ring of magical power (on tentacle)
 I - an amulet of reflection
Wands
 q - a wand of paralysis (9)
 y - a wand of quicksilver (4)
 B - a wand of flame (19)
 C - a wand of roots (7)
Scrolls
 c - 4 scrolls of amnesia
 g - 7 scrolls of identify
 j - 2 scrolls of teleportation
 m - a scroll of poison
 n - 4 scrolls of blinking
 t - a scroll of enchant armour
 x - a scroll of magic mapping
 A - a scroll of fear
 G - 4 scrolls of enchant weapon
Potions
 a - a potion of magic
 b - 4 potions of curing
 d - 2 potions of degeneration
 e - 2 potions of heal wounds
 f - 3 potions of haste
 i - 3 potions of attraction
 k - 4 potions of flight
 o - 2 potions of brilliance
 p - a potion of mutation
 r - 2 potions of cancellation
 s - a potion of ambrosia
 z - 2 potions of invisibility
Miscellaneous
 E - a phial of floods


   Skills:
 + Level 9.0 Fighting
 - Level 2.0 Dodging
 + Level 6.2 Stealth
 - Level 2.0 Spellcasting
 * Level 13.2 Conjurations
 + Level 8.7 Hexes


You had 2 spell levels left.
You knew the following spells:

 Your Spells              Type           Power      Damage    Failure   Level
a - Magic Dart            Conj           100%       1d8       1%          1
b - Searing Ray           Conj           100%       2d8       1%          2
c - Fulminant Prism       Conj/Hex       26%        3d14      1%          4
d - Foxfire               Conj/Fire      100%       2x1d9     1%          1
e - Dazzling Flash        Conj/Hex       100%       N/A       1%          3
f - Freeze                Ice            8%         1d3       1%          1

Your spell library contained the following spells:

 Spells                   Type           Power      Damage    Failure   Level
 Stone Arrow              Conj/Erth      68%        3d11      1%          3
 Static Discharge         Conj/Air       68%        2-5/arc   1%          2
 Cigotuvi's Dreadful Rot  Necr/Pois/Air  4%         N/A       8%          2
 Sublimation of Blood     Necr           2%         N/A       8%          2
 Wereblood                Tmut           2%         N/A       8%          2
 Tukima's Dance           Hex            44%        N/A       1%          3
 Iskenderun's Mystic Bla  Conj/Tloc      34%        2d8       1%          4
 Arcjolt                  Conj/Air       17%        1d27      2%          5
 Ignite Poison            Fire/Tmut/Pois 2%         N/A       4%          3
 Freezing Cloud           Conj/Ice/Air   11%        6-21      7%          5
 Yara's Violent Unravell  Hex/Tmut       11%        3d6       7%          5
 Airstrike                Air            1%         2d(1-17)  13%         4
 Vhi's Electric Charge    Tloc/Air       4%         N/A       14%         3
 Passage of Golubria      Tloc           2%         N/A       41%         4
 Summon Lightning Spire   Summ/Air       2%         N/A       41%         4
 Plasma Beam              Fire/Air       1%         2x1d12    80%         6
 Summon Hydra             Summ           1%         N/A       100%        7


Dungeon Overview and Level Annotations

Branches:
Dungeon (10/15) Zot: 26882  Temple (0/1) D:6          Bailey (visited)
   Lair: D:8-11         Orc: D:9-12

Altars:
Ashenzari
Cheibriados
Dithmenos
Elyvilon
Fedhas
Makhleb
Nemelex Xobeh
Uskayaw
Vehumet
The Shining One

Shops:
D:6 !   D:8 =


Innate Abilities, Weirdness & Mutations

You cannot wear most types of armour.
You are amphibious.
You can wear up to eight rings at the same time.
Your skin changes colour to match your surroundings (Stealth+).
Your rubbery body absorbs attacks. (AC +1, EV +1)
((You are camouflaged when in or above water. (Stealth+)))
You have tentacles for arms and can constrict up to eight enemies at once.


Message History

You slash the yak! You hit the yak. The yak closely misses you.
The yak gores you! The yak gores you. x2
* * * LOW HITPOINT WARNING * * *
The yak gores you.
* * * LOW HITPOINT WARNING * * *
The yak completely misses you.
Unknown command.
The yak gores you.
* * * LOW HITPOINT WARNING * * *
The yak gores you!
Die? [Y]es or [N]o only, please.
Die? [Y]es or [N]o only, please.
Die?
Thought so.
You closely miss the yak. You squeeze the yak, but do no damage.
The yak is severely wounded.
You slash the yak! The yak closely misses you. The yak gores you! x3
Unknown command.
You slash the yak!
You kill the yak!
Vehumet accepts your kill.
You feel your power returning.
You slice the yak!!
You kill the yak!
Vehumet accepts your kill.
Your Fighting skill increases to level 9!
You pick up a book of Lightning and begin reading...
You add the spells Vhi's Electric Charge, Arcjolt and Plasma Beam to your library.
You open the door.
There is an open door here.
Okay, then.
Okay, then.
Something appears before you!
You now have 1136 gold pieces (gained 805).
Save game and exit?
Welcome back, hwolsky the Octopode Conjurer.
Vehumet says: Let it end in hellfire!
Press ? for a list of commands and other information.
Are you sure you want to abandon this character and quit the game? (Confirm with "yes".)

#...................#
....................#
.....................
...........#######.#.
...........# #.#.
......†....# #[#.
###+####†.†..# #.#.
+......#.....# #...
#.....@'.....# #...
#......#.....# #...
#......#.....# #...
#......#........ ....
###+####.........
.... .......... ....
........## ####
####......


There were no monsters in sight!

Vanquished Creatures
  A hydra (D:8)
  The ghost of diodin the Frost Mage, a novice NaIE of Cheibriados (D:8)
  A deep elf knight (D:9)
  An orc sorcerer (D:9)
  Joseph (D:8)
  Maggie (D:7)
  5 kobold demonologists
  A hornet (D:8)
  Sigmund (D:2)
  A wraith (D:9)
  10 yaks
  A wyvern (D:7)
  3 steam dragons
  A water moccasin (D:7)
  An ice beast (D:4)
  2 sky beasts
  14 orc warriors
  2 centaurs
  An ogre (D:7)
  A kobold brigand (D:5)
  2 phantoms
  3 bullfrogs
  2 gnoll sergeants
  4 scorpions
  6 wights (D:7)
  A howler monkey (D:9)
  5 electric eels (Bailey)
  4 hounds
  A jelly (D:6)
  10 orc priests
  4 iguanas
  Ijyb (D:4)
  Natasha (thrice) (D:3)
  5 orc wizards
  A mummy (D:8)
  8 gnolls
  9 adders
  3 shadow imps
  2 white imps
  A worm (D:4)
  4 dart slugs
  39 orcs
  2 ball pythons
  10 endoplasms
  A giant cockroach (D:4)
  18 goblins
  11 hobgoblins
  3 quokkas
  5 bats
  7 frilled lizards
  A hobgoblin zombie (D:8)
  4 kobolds
  A kobold zombie (D:8)
  2 orc zombies (D:8)
  7 rats
  A spectral kobold (D:1)
241 creatures vanquished.

Vanquished Creatures (others)
  A foxfire (D:8)
  16 fulminant prisms
17 creatures vanquished.

Grand Total: 258 creatures vanquished

Notes
Turn   | Place    | Note
-------+----------+-------------------------------------------
     0 | D:1      | hwolsky the Octopode Conjurer began the quest for the Orb.
     0 | D:1      | Reached XP level 1. HP: 11/11 MP: 3/3
     1 | D:1      | Entered explore mode.
   519 | D:1      | Reached XP level 2. HP: 18/18 MP: 1/5
   627 | D:1      | Found a faded altar of an unknown god.
  1336 | D:2      | Reached skill level 1 in Fighting
  1336 | D:2      | Reached XP level 3. HP: 18/23 MP: 1/6
  1339 | D:2      | Learned a level 2 spell: Searing Ray
  1610 | D:2      | Reached XP level 4. HP: 28/28 MP: 4/7
  2080 | D:2      | Learned a level 4 spell: Fulminant Prism
  2293 | D:2      | Noticed Sigmund
  2303 | D:2      | Killed Sigmund
  2304 | D:2      | Reached skill level 5 in Stealth
  2304 | D:2      | Reached skill level 5 in Conjurations
  2304 | D:2      | Reached skill level 1 in Hexes
  2304 | D:2      | Reached XP level 5. HP: 32/34 MP: 1/8
  2304 | D:2      | Reached XP level 6. HP: 37/39 MP: 1/9
  2752 | D:3      | Found a burning altar of Makhleb.
  3120 | D:3      | Noticed Natasha
  3126 | D:3      | Killed Natasha
  3257 | D:3      | Noticed Natasha
  3263 | D:3      | Killed Natasha
  3863 | D:3      | Noticed Natasha
  3870 | D:3      | Killed Natasha
  3892 | D:4      | Found a shadowy altar of Dithmenos.
  4207 | D:4      | Reached XP level 7. HP: 45/45 MP: 1/10
  4313 | D:4      | Noticed Ijyb
  4325 | D:4      | Killed Ijyb
  4326 | D:4      | Reached skill level 6 in Conjurations
  4338 | D:4      | Found a blossoming altar of Fedhas.
  4465 | D:4      | Found a snail-covered altar of Cheibriados.
  4772 | D:4      | Found a radiant altar of Vehumet.
  4967 | D:4      | Became a worshipper of Vehumet
  5026 | D:5      | Entered Level 5 of the Dungeon
  5034 | D:5      | Slain by an ice beast (5 damage)
  5037 | D:4      | Slain by an ice beast (10 damage)
  5041 | D:4      | HP: 1/46 [ice beast (12)]
  5042 | D:4      | Succumbed to an adder's poison
  5049 | D:4      | HP: 2/46 [ice beast (4)]
  5049 | D:4      | Slain by an ice beast (7 damage)
  5053 | D:4      | Mangled by an ice beast (11 damage)
  5060 | D:4      | HP: 1/46 [something/puff of flame (8)]
  5060 | D:4      | Slain by an orc
                  | ... wielding a +0 dagger
                  | (3 damage)
  5339 | D:5      | Slain by a phantom (6 damage)
  5345 | D:5      | HP: 1/46 [scorpion (4)]
  5345 | D:5      | Slain by a scorpion (1 damage)
  5350 | D:5      | Succumbed to a scorpion's poison
  5352 | D:5      | Reached skill level 7 in Conjurations
  5352 | D:5      | Reached XP level 8. HP: 52/54 MP: 4/11
  6008 | D:6      | HP: 1/54 [shadow imp/nerve-wracking pain (10)]
  6009 | D:6      | Succumbed to a scorpion's poison
  6166 | D:6      | Found a staircase to the Ecumenical Temple.
  6231 | D:6      | Found Ocom's Distillery.
  6256 | D:6      | Found a white marble altar of Elyvilon.
  6686 | D:6      | HP: 1/54 [steam dragon] (11)]
  6686 | D:6      | Slain by a steam dragon (2 damage)
  6693 | D:6      | Reached skill level 8 in Conjurations
  7181 | D:7      | Noticed Maggie
  7195 | D:7      | Mangled by Maggie
                  | ... wielding a +0 glaive of flaming
                  | (9 damage)
  7197 | D:7      | HP: 1/54 [Maggie/+0 glaive of flaming (4)]
  7198 | D:7      | Slain by a water moccasin (1 damage)
  7198 | D:7      | Noticed a wyvern
  7201 | D:7      | Slain by Maggie
                  | ... wielding a +0 glaive of flaming
                  | (19 damage)
  7202 | D:7      | Killed Maggie
  7203 | D:7      | Reached skill level 5 in Fighting
  7203 | D:7      | Reached XP level 9. HP: 47/61 MP: 2/12
  7204 | D:7      | Slain by a water moccasin (4 damage)
  7206 | D:7      | Slain by a water moccasin (8 damage)
  7209 | D:7      | Slain by a wyvern (16 damage)
  7213 | D:7      | Reached skill level 5 in Hexes
  7218 | D:7      | HP: 1/61 [poisoned by a water moccasin]
  7218 | D:7      | Slain by a water moccasin (1 damage)
  7222 | D:7      | Reached skill level 9 in Conjurations
  7343 | D:7      | HP: 2/61 [steam dragon (3)]
  7344 | D:7      | Engulfed by a steam dragon's steam (9 damage)
  7350 | D:7      | HP: 2/61 [steam dragon (10)]
  7351 | D:7      | Engulfed by a steam dragon's steam (15 damage)
  7524 | D:7      | Reached * piety under Vehumet
  7524 | D:7      | Offered knowledge of Foxfire by Vehumet.
  7527 | D:7      | Learned a level 1 spell: Foxfire
  7553 | D:7      | Slain by a sky beast (5 damage)
  7573 | D:7      | Found a glowing golden altar of the Shining One.
  7629 | D:7      | Slain by an orc warrior
                  | ... wielding a +0 trident
                  | (16 damage)
  7733 | D:7      | Mangled by a wight
                  | ... wielding a +3 mace
                  | (11 damage)
  7741 | D:7      | Mangled by a wight
                  | ... wielding a +0 mace
                  | (12 damage)
  8067 | D:8      | Noticed a hornet
  8071 | D:8      | Paralysed by a hornet for 1 turns
  8072 | D:8      | Slain by a hornet (17 damage)
  8074 | D:8      | Mangled by an orc priest
                  | ... wielding a +0 trident
                  | (10 damage)
  8075 | D:8      | Paralysed by a hornet for 3 turns
  8076 | D:8      | Slain by a hornet (9 damage)
                  | ... while paralysed by a hornet
  8077 | D:8      | Killed a hornet
  8078 | D:8      | Reached skill level 10 in Conjurations
  8111 | D:8      | Learned a level 3 spell: Dazzling Flash
  8253 | D:8      | Found Vishri's Jewellery Emporium.
  8284 | D:8      | Bought a ring of magical power for 240 gold pieces
  8421 | D:8      | Reached XP level 10. HP: 24/69 MP: 12/13
  8638 | D:8      | Found a broken altar of Ashenzari.
  8643 | D:8      | Noticed Joseph
  8653 | D:8      | HP: 1/69 [steam dragon (5)]
  8653 | D:8      | Demolished by Joseph
                  | ... wielding a +0 quarterstaff
                  | (18 damage)
  8658 | D:8      | Killed Joseph
  8870 | D:8      | Offered knowledge of Freeze by Vehumet.
  8875 | D:8      | Learned a level 1 spell: Freeze
  8880 | D:8      | Found a runed translucent gate.
  8884 | D:8      | Reached ** piety under Vehumet
  8885 | D:8      | Noticed a nine-headed hydra
  8886 | D:8      | Found a runed translucent gate.
  8886 | D:8      | Noticed diodin's ghost (novice NaIE)
  8888 | D:8      | Found a runed translucent gate.
  8924 | D:8      | Slain by a nine-headed hydra (16 damage)
  8926 | D:8      | HP: 3/69 [ten-headed hydra (7)]
  8926 | D:8      | Mangled by a ten-headed hydra (14 damage)
  8929 | D:8      | Mangled by an 11-headed hydra (14 damage)
  8930 | D:8      | HP: 1/69 [11-headed hydra (14)]
  8931 | D:8      | Slain by an 11-headed hydra (2 damage)
  8933 | D:8      | Killed a 12-headed hydra
  8936 | D:8      | HP: 1/71 [diodin's ghost (7)]
  8937 | D:8      | Mangled by diodin's ghost (8 damage)
  8969 | D:8      | HP: 2/71 [diodin's ghost (2)]
  8972 | D:8      | Slain by diodin's ghost (5 damage)
  8978 | D:8      | Killed diodin's ghost
  8979 | D:8      | Reached skill level 11 in Conjurations
  8985 | D:8      | Identified the +11 broad axe of the Pit {heavy, rF+ Stlth+}
  9176 | D:8      | Found a hide-covered altar of Uskayaw.
  9238 | D:8      | Mangled by a yak (17 damage)
  9243 | D:8      | Killed from afar by a white imp (10 damage)
                  | ... with a puff of frost
  9446 | D:9      | Slain by a wraith (13 damage)
  9463 | D:9      | Shot with an arrow by a centaur (12 damage)
  9725 | D:9      | Found a sparkling altar of Nemelex Xobeh.
  9844 | D:9      | Noticed a kobold demonologist
  9844 | D:9      | Noticed a deep elf knight
  9845 | D:9      | Noticed a kobold demonologist
  9846 | D:9      | Found a transporter.
  9846 | D:9      | Noticed an orc sorcerer
  9858 | D:9      | Noticed a kobold demonologist
  9870 | D:9      | Reached skill level 12 in Conjurations
  9870 | D:9      | Reached XP level 11. HP: 14/77 MP: 14/14
  9870 | D:9      | Mangled by a yak (17 damage)
  9886 | D:9      | Found a transporter.
  9913 | D:9      | Noticed a sixfirhy
  9921 | D:9      | Noticed a soul eater
  9921 | D:9      | Slain by a sixfirhy (10 damage)
                  | ... summoned by a kobold demonologist
  9923 | D:9      | Slain by a soul eater (9 damage)
                  | ... summoned by an orc sorcerer
  9926 | D:9      | HP: 2/74 [hellwing[a kobold demonologist] (13)]
  9926 | D:9      | Mangled by a soul eater (12 damage)
                  | ... summoned by an orc sorcerer
  9927 | D:9      | Noticed a sun demon
  9928 | D:9      | Succumbed to an orange demon's poison
  9929 | D:9      | Killed a deep elf knight
  9929 | D:9      | Offered knowledge of Poisonous Vapours by Vehumet.
  9935 | D:9      | Slain by a sun demon (14 damage)
                  | ... summoned by an orc sorcerer
  9944 | D:9      | Killed an orc sorcerer
  9983 | D:9      | Identified the +0 dagger of Fedhas's Esteem {freeze, rF+
                  | Dex+2}
 10442 | D:10     | Entered Level 10 of the Dungeon
 10442 | D:10     | Found a flagged portal.
 10458 | Bailey   | Entered a bailey
 10476 | Bailey   | Slain by an orc warrior
                  | ... wielding a +0 battleaxe
                  | (22 damage)
 10630 | Bailey   | Reached *** piety under Vehumet
 10669 | Bailey   | Slain by an orc warrior
                  | ... wielding a +0 battleaxe
                  | (19 damage)
 10703 | Bailey   | Killed from afar by an electric eel (14 damage)
                  | ... with a bolt of electricity
 10741 | Bailey   | Found an iron altar of Okawaru.
 10748 | Bailey   | Succumbed to an orange demon's poison
 10755 | Bailey   | Found the +10 dark maul {heavy}
 10811 | Bailey   | Identified the +1 ring mail of Valiance {rC++}
 10954 | Bailey   | Offered knowledge of Stone Arrow by Vehumet.
 10967 | Bailey   | Reached skill level 13 in Conjurations
 11617 | D:10     | Slain by a yak (17 damage)
 11627 | D:10     | Acquired 805 gold pieces
 11631 | D:10     | Quit the game

Illustrated notes

Levels and vault maps discovered:
D:1:      dpeg_arrival_houses_and_road, layout_rooms, serial_forest,
          infiniplex_forest_clump_medium, infiniplex_forest_straight_3,
          infiniplex_forest_clump_long, infiniplex_forest_clump_small,
          infiniplex_forest_clump_curved, infiniplex_forest_end_2,
          infiniplex_forest_clump_diagonal, infiniplex_forest_zigzag_2,
          dreamdust_ecumenical_altar_drowned_temple
D:2:      layout_loops_ring, uniq_sigmund
D:3:      layout_basic, mainiacjoe_overflow_surrounded_room,
          kennysheep_generic_room_5, uniq_natasha
D:4:      layout_basic, lemuel_tele_altar, vehumet_crystals,
          cheibriados_altar_1, grunt_dithmenos_smoke, uniq_ijyb
D:5:      kennysheep_six_static_rooms, layout_basic, minmay_misc_feat_five
D:6:      layout_loops_ring, elyvilon_altar_1, minmay_temple_entry_ruins,
          serial_shops, shop, kennysheep_generic_room_3
D:7:      layout_rooms, mainiacjoe_overflow_catwalk, uniq_maggie
D:8:      layout_basic, overflow_temple_1_default,
          mainiacjoe_overflow_boulevard, gammafunk_ghost_hydra_chop,
          serial_shops, shop, minmay_mini_ossuary, uniq_joseph
D:9:      gammafunk_wand_slinger, layout_loops_ring, lemuel_round_altar,
          grunt_ministairs_2, hangedman_decor_peaks_small
D:10:     gammafunk_boulding_lane, layout_irregular_city,
          mainiacjoe_overflow_large_starburst, serial_shops,
          nicolae_shop_tiny_waterfront, enter_bailey_3, uniq_nergalle

Skill      XL: |  1  2  3  4  5  6  7  8  9 10 11 |
---------------+----------------------------------+-----
Stealth        | 3 4 5 6 |  6.2
Fighting       | 1 2 3 5 6 8 9 |  9.0
Conjurations   | 5 7 8 10 12 13 | 13.2
Hexes          | 1 2 3 4 6 7 8 |  8.7
Dodging        | |  2.0
Spellcasting   | |  2.0

Action                     |  1- 3 |  4- 6 |  7- 9 | 10-12 || total
---------------------------+-------+-------+-------+-------++-------
  Melee: Unarmed           |   256 |       |       |       ||   256
         Tentacles         |    89 |     1 |    40 |    34 ||   164
         Punch             |     7 |       |     1 |     1 ||     9
         Constrict         |     5 |     1 |    27 |    17 ||    50
         Hand axe          |       |     2 |       |       ||     2
         Halberd           |       |     4 |   160 |    56 ||   220
         Broad axe         |       |       |       |   105 ||   105
   Cast: Magic Dart        |    42 |   104 |   153 |   107 ||   406
         Searing Ray       |       |     1 |     9 |     4 ||    14
         Fulminant Prism   |       |       |     1 |    15 ||    16
         Dazzling Flash    |       |       |       |     3 ||     3
         Freeze            |       |       |       |     1 ||     1
         Foxfire           |       |       |       |     1 ||     1
    Use: Scroll            |     2 |     6 |     6 |     4 ||    18
         Potion            |       |     2 |     1 |       ||     3
   Stab: Sleeping          |       |       |     2 |     3 ||     5
 Armour: Skin              |       |     1 |     6 |    16 ||    23
  Dodge: Dodged            |    10 |    12 |   223 |   368 ||   613

Table legend: (Time is in decaauts)
 A = Elapsed time spent in this place.
 B = Non-inter-level travel time spent in this place.
 C = Inter-level travel time spent in this place.
 D = Time resting spent in this place.
 E = Time spent auto-exploring this place.
 F = Levels seen in this place.
 G = Mean time per level.
                   A        B        C        D        E       F      G
               +--------+--------+--------+--------+--------+-----+--------+
         Total |  11904 |  11603 |    301 |    514 |   7910 |  11 | 1082.2 |
       Dungeon |  10768 |  10467 |    301 |    378 |   7362 |  10 | 1076.8 |
        Bailey |   1136 |   1136 |      0 |    136 |    548 |   1 | 1136.0 |
               +--------+--------+--------+--------+--------+-----+--------+

Top non-repeatable levels by time:
     D:3: 1471 daAuts
     D:8: 1375 daAuts
     D:4: 1271 daAuts
     D:1: 1265 daAuts
     D:2: 1155 daAuts
     D:9: 1145 daAuts
  Bailey: 1136 daAuts
     D:7: 1067 daAuts
     D:6: 1044 daAuts
     D:5: 853 daAuts
    D:10: 117 daAuts
